 Dungeon Crawl Stone Soup version 0.27-a0-1374-gc14e5d3922 (webtiles) character file.

Game seed: 17643767200282150615

406 Lentor the Chopper (level 6, 0/56 HPs)
             Began as a Minotaur Berserker on June 29, 2021.
             Was a Priest of Trog.
             Killed from afar by Blork the orc (11 damage)
             ... with a puff of frost
             ... on level 4 of the Dungeon.
             The game lasted 00:08:29 (2877 turns).

Lentor the Chopper (Minotaur Berserker)             Turns: 2877, Time: 00:08:29

Health: 0/56       AC:  9    Str: 24    XL:     6   Next: 56%
Magic:  5/5        EV:  9    Int:  4    God:    Trog [***...]
Gold:   69         SH:  0    Dex:  9    Spells: 5/5 levels left

rFire    . . .     SeeInvis .   a - +0 hand axe
rCold    . . .     Faith    .   (no shield)
rNeg     . . .     Spirit   .   c - +0 chain mail
rPois    .         Reflect  .   (helmet restricted)
rElec    .         Harm     .   (no cloak)
rCorr    .         Rampage  .   (no gloves)
Will     ++...                  (no boots)
Stlth    ..........             (no amulet)
HPRegen  1.18/turn              (no ring)
MPRegen  0.09/turn              (no ring)

@: strong-willed, regenerating
A: horns 2, retaliatory headbutt
a: Renounce Religion, Berserk, Trog's Hand


You were on level 4 of the Dungeon.
You worshipped Trog.
Trog was most pleased with you.
You visited 1 branch of the dungeon, and saw 4 of its levels.

You collected 69 gold pieces.

Inventory:

Hand Weapons
 a - a +0 hand axe (weapon)
Missiles
 e - 116 stones
 h - 3 silver javelins
Armour
 c - a +0 chain mail (worn)
Jewellery
 g - a ring of magical power
 i - an amulet of magic regeneration
Wands
 f - a wand of acid (7)
 k - a wand of charming (10)
Scrolls
 l - a scroll of summoning {unknown}
 n - a scroll of fog {unknown}
Potions
 b - 7 potions of curing {unknown}
 d - a potion of haste {unknown}
 j - 2 potions of heal wounds {unknown}
 m - a potion of magic {unknown}


   Skills:
 + Level 5.2 Fighting
 + Level 6.2 Axes
 + Level 4.4 Armour
 + Level 3.1 Dodging
 * Level 1.5 Evocations


You had 5 spell levels left.
You didn't know any spells.
Your spell library contained the following spells:

 Spells                   Type           Power      Damage    Failure   Level
 Animate Skeleton         Necr           0%         N/A       99%         1
 Apportation              Tloc           0%         N/A       99%         1
 Corona                   Hex            0%         N/A       99%         1
 Summon Small Mammal      Summ           0%         N/A       99%         1


Dungeon Overview and Level Annotations

Branches:
Dungeon (4/15)
 Temple: D:4-7

Altars:

Annotations:
D:4 Blork the orc


Innate Abilities, Weirdness & Mutations

You have a pair of horns on your head.
You reflexively headbutt those who attack you in melee.


Message History

You feel strong-willed.
Blork the orc hits you with a +0 long sword of freezing!
* * * LOW HITPOINT WARNING * * *
Blork the orc freezes you.
* * * LOW HITPOINT WARNING * * *
Blork the orc hits you but does no damage.
Blork the orc begins to cast a cantrip, but forgets the words!
Blork the orc casts a cantrip, but nothing happens.
Blork the orc closely misses you. You furiously retaliate!
You headbutt Blork the orc. Blork the orc casts a spell at you.
The puff of frost hits you!
* * * LOW HITPOINT WARNING * * *
Blork the orc barely misses you.
You closely miss Blork the orc.
Blork the orc is almost dead.
You feel the effects of Trog's Hand fading.
Blork the orc hits you with a +0 long sword of freezing.
* * * LOW HITPOINT WARNING * * *
Blork the orc freezes you.
* * * LOW HITPOINT WARNING * * *
Your skin crawls.
You feel strong-willed.
Blork the orc gestures at you while chanting.
The puff of frost hits you.
* * * LOW HITPOINT WARNING * * *
Blork the orc casts a cantrip, but nothing happens.
Blork the orc screams, "Die!"
Blork the orc casts a spell at you. The puff of frost hits you.
* * * LOW HITPOINT WARNING * * *
Blork the orc miscasts a cantrip.
Found 11 gold pieces.
Blork the orc begins to cast a cantrip, but forgets the words!
Blork the orc looks encouraged for a moment.
Blork the orc casts a spell at you.
The magic dart hits you but does no damage.
Blork the orc gestures at you while chanting.
The puff of frost hits you!
You die...

..........)...........#.#
#.#......)#...........#.#
#.#.########.#.##.##....#
..#.# #...##.#...###
..#.# #.####)...#..# ..#
# ..##.........# ..#
#..##..#.......# ..#
.......#...#.####### ...
#..@...og......##### ...#
#.....###.##........ #...
#....##.# #.##........
#.... #.# #.##........
#.##. ... #..######..#
... .. ...###. ##.# ...
....$.# ## #.# ..
........ #.# #†#


You could see Blork the orc (fast) and a hobgoblin.

Vanquished Creatures
  An ogre (D:4)
  A hound (D:4)
  A gnoll shaman (D:4)
  An orc wizard (D:4)
  7 gnolls
  9 adders
  4 dart slugs
  2 worms (D:3)
  3 orcs
  8 ball pythons
  5 bats
  5 endoplasms
  5 giant cockroaches
  9 hobgoblins
  4 kobolds
  3 quokkas
  4 frilled lizards
  10 goblins
  6 rats
88 creatures vanquished.

Vanquished Creatures (others)
  A gnoll (D:4)
  12 plants (D:3)
  A withered plant (D:1)
14 creatures vanquished.

Grand Total: 102 creatures vanquished

Notes
Turn   | Place    | Note
-------+----------+-------------------------------------------
     0 | D:1      | Lentor the Minotaur Berserker began the quest for the Orb.
     0 | D:1      | Reached XP level 1. HP: 19/19 MP: 0/0
   182 | D:1      | Reached XP level 2. HP: 27/27 MP: 1/1
   236 | D:1      | Reached skill level 4 in Axes
   679 | D:1      | Reached XP level 3. HP: 33/33 MP: 2/2
   835 | D:1      | Found a faded altar of an unknown god.
   880 | D:1      | Reached ** piety under Trog
  1170 | D:2      | Reached XP level 4. HP: 37/41 MP: 3/3
  1638 | D:3      | Reached skill level 5 in Axes
  1671 | D:3      | Reached XP level 5. HP: 24/47 MP: 4/4
  2523 | D:4      | Reached skill level 5 in Fighting
  2564 | D:4      | Noticed an ogre
  2572 | D:4      | Killed an ogre
  2572 | D:4      | Reached *** piety under Trog
  2573 | D:4      | Reached skill level 6 in Axes
  2573 | D:4      | Reached skill level 1 in Evocations
  2573 | D:4      | Reached XP level 6. HP: 38/56 MP: 5/5
  2842 | D:4      | Noticed Blork the orc
  2877 | D:4      | Killed from afar by Blork the orc

Illustrated notes

Levels and vault maps discovered:
D:1:      wheals_arrival_shading, layout_loops_corners,
          ebering_ecumenical_altar_petrified
D:2:      layout_rooms, minmay_pentomino_q4
D:3:      layout_loops_cross, gup_sewer_entry_bowl, serial_bayou_lagoon_a,
          minmay_strange_pillars
D:4:      layout_rooms, zin_academy, serial_curves, eino_curves_04,
          eino_curves_02, uniq_menkaure, uniq_blork_the_orc

Skill      XL: |  1  2  3  4  5 |
---------------+----------------+-----
Fighting       | 4 5 |  5.2
Axes           | 4 5 6 |  6.2
Armour         | 3 4 |  4.4
Dodging        | 3 |  3.1
Evocations     | 1 |  1.5

Action                   |  1- 3 |  4- 6 || total
-------------------------+-------+-------++-------
Melee: Hand axe          |    85 |   164 ||   249
       Headbutt          |    16 |    18 ||    34
Invok: Trog's Hand       |       |     4 ||     4
       Berserk           |       |     1 ||     1
Evoke: Wand              |       |     2 ||     2
  Use: Scroll            |       |     5 ||     5
Armor: Animal skin       |     5 |       ||     5
       Chain mail        |    26 |    86 ||   112
Dodge: Dodged            |    38 |    75 ||   113

Table legend: (Time is in decaauts)
 A = Elapsed time spent in this place.
 B = Non-inter-level travel time spent in this place.
 C = Inter-level travel time spent in this place.
 D = Time resting spent in this place.
 E = Time spent auto-exploring this place.
 F = Levels seen in this place.
 G = Mean time per level.
                   A        B        C        D        E       F      G
               +--------+--------+--------+--------+--------+-----+--------+
         Total |   2916 |   2790 |    126 |      0 |   2002 |   4 |  729.0 |
       Dungeon |   2916 |   2790 |    126 |      0 |   2002 |   4 |  729.0 |
               +--------+--------+--------+--------+--------+-----+--------+

Top non-repeatable levels by time:
     D:1: 1064 daAuts
     D:3: 931 daAuts
     D:2: 554 daAuts
     D:4: 366 daAuts
